cohdb
Replays
Latest Replays
All Replays
Popular Replays
Top Player Replays
Match Explorer
How It Works
Community
CoH3 Stats
Reddit
Sign in to upload your games and track your stats! →
Sign in with Steam
Match 45757917
Unlisted
Match 45757917
Overview
Messages
Build Orders
End
Selects Italian Combined Arms Battlegroup
Selects Bersaglieri Squad
Bersaglieri Squad
Kradschützen Motorcycle Team
Bersaglieri Squad
Bersaglieri Squad
Construct Light Support Kompanie
Selects Bersaglieri Bolster
2.5-tonne Medical Truck
Fire Support Elements
Veteran Squad Leaders
Flakvierling Half-track
Vehicle Survival Package
Selects Breda Model 30 Light Machine Guns
Panzerjäger Mechanized Group
le.IG 18 Support Gun Team
Selects Semovente da 75/18 Assault Gun
Tungsten Core Ammunition
Construct Panzerarmee Kommand
Bill
rocketpossum
0
0
Comments
sign in to comment!
No comments posted yet!